 Dungeon Crawl Stone Soup version 0.30.1-4-g462c640d31 (webtiles) character file.

Game seed: 9436316527864729372

249 MrPagan1517 the Chopper (level 6, -6/56 HPs)
             Began as a Hill Orc Fighter on Sept 19, 2023.
             Mangled by viagra's ghost (12 damage)
             ... on level 3 of the Dungeon.
             The game lasted 00:03:08 (2348 turns).

MrPagan1517 the Chopper (Hill Orc Fighter)          Turns: 2348, Time: 00:03:08

Health: -6/56      AC:  8    Str: 21    XL:     6   Next: 12%
Magic:  6/6        EV:  9    Int:  8    God:
Gold:   105        SH:  4    Dex: 10    Spells: 5/5 levels left

rFire   . . .        a - +2 war axe
rCold   . . .        c - +0 buckler
rNeg    . . .        b - +1 scale mail
rPois   .            (no helmet)
rElec   .            (no cloak)
rCorr   .            (no gloves)
SInv    .            (no boots)
Will    .....        (no amulet) Stlth
                     (no ring)
HPRegen 0.29/turn    (no ring)
MPRegen 0.10/turn

%: no passive effects
@: no status effects
A: no striking features
a: no special abilities


You were on level 3 of the Dungeon.
You visited 1 branch of the dungeon, and saw 3 of its levels.

You collected 105 gold pieces.

Inventory:

Hand Weapons
 a - a +2 war axe (weapon)
Armour
 b - a +1 scale mail (worn)
 c - a +0 buckler (worn)
Wands
 f - a wand of flame (23)
Scrolls
 h - 3 scrolls of identify
 j - a scroll of blinking {unknown}
Potions
 d - 3 potions of might
 e - a potion of cancellation
 g - a potion of heal wounds
 i - a potion of curing


   Skills:
 + Level 5.0 Fighting
 + Level 5.7 Axes
 + Level 4.5 Armour
 + Level 3.9 Shields


You had 5 spell levels left.
You didn't know any spells.
Your spell library contained the following spells:

 Spells                   Type           Power      Damage    Failure   Level
 Lesser Beckoning         Tloc           0%         N/A       91%         2
 Gell's Gravitas          Tloc           0%         N/A       99%         3
 Portal Projectile        Hex/Tloc       0%         N/A       99%         3
 Teleport Other           Tloc           0%         N/A       99%         3
 Tukima's Dance           Hex            0%         N/A       99%         3
 Blade Hands              Tmut           0%         N/A       100%        5


Dungeon Overview and Level Annotations

Branches:
Dungeon (3/15)

Altars:

Annotations:
D:3 viagra's ghost, amateur HuFi


Message History

The adder poisons you!
You closely miss the adder.
You feel sick. The adder bites you.
You are more poisoned.
The adder poisons you! The adder closely misses you.
You feel very sick. The adder bites you but does no damage.
You feel sick. The adder closely misses you.
You slash the adder!
You kill the adder!
You feel sick. Viagra's ghost hits you.
Your Fighting skill increases to level 5!
You hit viagra's ghost but do no damage.
You feel sick.
Viagra's ghost hits you but does no damage.
You barely miss viagra's ghost.
You feel sick. Viagra's ghost stares at you. Viagra's ghost hits you!
You barely miss viagra's ghost.
You feel sick. You block viagra's ghost's attack.
You closely miss viagra's ghost.
You feel sick.
Viagra's ghost hits you but does no damage.
Viagra's ghost says, "Try not to bleed too much."
Viagra's ghost hits you.
You hit viagra's ghost.
Viagra's ghost is lightly damaged.
You feel sick.
You are no longer poisoned.
Viagra's ghost hits you but does no damage.
You hit viagra's ghost.
Viagra's ghost is lightly damaged.
Viagra's ghost hits you!
You slash viagra's ghost!
Viagra's ghost is heavily damaged.
You block viagra's ghost's attack.
You slash viagra's ghost!
Viagra's ghost is severely damaged.
Viagra's ghost hits you!
* * * LOW HITPOINT WARNING * * *
Viagra's ghost hits you!
You die...

#.# #.# ### #.# #.# ##.###~#
#.# #.# ####...##$# #.# #.#
#......[#~# #.#
#.####.##...##~######## #.#
#......###.###~##<....# #.#
######.....###~##.....#####.#
#.##..#.#W#............#
#.##.##.†@.......#######
#.##.####........# #<##.#
######.### #.##.# #.# #.##.#
#)# #.##.# #)# #.##.# #.#
#.##.# #.# #.##.# #.# #####


You could see viagra's ghost.

Vanquished Creatures
  Robin (D:3)
  10 adders
  8 gnolls (D:3)
  An ufetubus (D:3)
  A worm (D:2)
  A dart slug (D:2)
  An orc (D:2)
  5 ball pythons
  6 endoplasms
  13 goblins
  6 hobgoblins
  A kobold (D:1)
  2 quokkas (D:3)
  6 bats
  5 frilled lizards
  A rat (D:1)
68 creatures vanquished.

Notes
Turn   | Place    | Note
-------+----------+-------------------------------------------
     0 | D:1      | MrPagan1517 the Hill Orc Fighter began the quest for the
                  | Orb.
     0 | D:1      | Reached XP level 1. HP: 19/19 MP: 1/1
   106 | D:1      | Found a faded altar of an unknown god.
   189 | D:1      | Reached XP level 2. HP: 27/27 MP: 2/2
   586 | D:2      | Reached XP level 3. HP: 31/33 MP: 3/3
  1343 | D:3      | Reached XP level 4. HP: 33/41 MP: 4/4
  1500 | D:3      | Reached XP level 5. HP: 46/47 MP: 5/5
  1563 | D:3      | Noticed Robin
  1579 | D:3      | Killed Robin
  1691 | D:3      | Reached skill level 5 in Axes
  1952 | D:3      | Found a runed translucent door.
  2091 | D:3      | Noticed viagra's ghost (amateur HuFi)
  2334 | D:3      | Reached XP level 6. HP: 55/55 MP: 6/6
  2341 | D:3      | Reached skill level 5 in Fighting
  2348 | D:3      | Mangled by viagra's ghost

Illustrated notes

Levels and vault maps discovered:
D:1:      amcnicky_arrival_single_pillar, layout_rooms,
          shapermc_ecumenical_altar_flowoftime
D:2:      layout_loops_ring, minmay_domino_4
D:3:      layout_loops_ring, ebering_ghost_sewer_d, uniq_robin

Skill      XL: |  1  2  3  4  5  6 |
---------------+-------------------+-----
Fighting       | 4 5 |  5.0
Axes           | 3 4 5 |  5.7
Armour         | 4 |  4.5
Shields        | |  3.9

Action                     |  1- 3 |  4- 6 || total
---------------------------+-------+-------++-------
  Melee: War axe           |    84 |   109 ||   193
    Use: Scroll            |     9 |     1 ||    10
 Armour: Scale mail        |    34 |    68 ||   102
  Dodge: Dodged            |    49 |    57 ||   106
  Block: Buckler           |     7 |    32 ||    39
